AoeStats
← GORGORY

Arena

508122674Analyzed
2v2 RM · 11d ago on Sep 21, 2026· 51m 2s· 4 players
Game mode
Random Map
Map size
Medium (4 player)
Population
200
Speed
Normal
Resources
Standard
Victory
Conquest
Starting age
Dark Age
Ending age
Imperial Age
RankedLock teamsTeams togetherTeam positionsShared explorationLock speedFull tech treeHidden civsTurbo modeCheats
Victory
Defeat
🇺🇸 Cumans · United States
942
+18
🇦🇷 Ethiopians · Argentina
916
+18
🇨🇱 Bohemians · Chile
1009
-19
🇨🇱 Persians · Chile
954
-17
snacks165x
9:37 Loom
12:25 Feudal Age
13:08 Double-Bit Axe
13:26 Horse Collar
22:42 Wheelbarrow
24:15 Castle Age
22:26 Stone Mining
22:38 Gold Mining
23:06 Fletching
25:12 Thumb Ring
25:57 Bodkin Arrow
27:16 Bow Saw
27:07 Heavy Plow
27:13 Caravan
27:38 Steppe Husbandry
27:31 Elite Skirmisher
29:32 Gold Shaft Mining
29:12 Bloodlines
28:35 Capped Ram
29:21 Squires
30:17 Town Watch
31:19 Padded Archer Armor
34:14 Ballistics
37:18 Imperial Age
35:15 Hand Cart
35:36 Leather Archer Armor
37:31 Cavalier
41:01 Two-Man Saw
40:33 Crop Rotation
39:49 Elite Steppe Lancer
GORGORY
5:42 Loom
9:07 Feudal Age
9:37 Double-Bit Axe
9:34 Horse Collar
13:27 Wheelbarrow
17:17 Castle Age
15:55 Stone Mining
16:54 Gold Mining
18:58 Fervor
20:10 Bow Saw
20:02 Heavy Plow
20:54 Town Watch
23:47 Sanctity
24:05 Forging
23:55 Scale Mail Armor
25:36 Scale Mail Armor
27:12 Royal Heirs
28:49 Ballistics
28:44 Squires
28:30 Arson
29:17 Chain Mail Armor
35:31 Imperial Age
34:27 Hand Cart
34:13 Town Patrol
34:51 Iron Casting
34:35 Murder Holes
35:55 Elite Shotel Warrior
36:56 Conscription
35:59 Capped Ram
40:43 Halberdier
43:09 Blast Furnace
42:39 Plate Mail Armor
49:10 Plate Mail Armor
49:12 Elite Skirmisher
49:59 Thumb Ring
49:56 Fletching
50:06 Padded Archer Armor
50:50 Siege Ram
50:55 Crossbowman
raul.palma
11:27 Feudal Age
15:14 Castle Age
14:14 Double-Bit Axe
16:46 Bow Saw
17:38 Town Watch
21:13 Loom
22:52 Wheelbarrow
23:28 Horse Collar
24:52 Hand Cart
28:48 Imperial Age
26:48 Heavy Plow
28:31 Chemistry
27:46 Padded Archer Armor
28:49 Leather Archer Armor
29:54 Ballistics
30:07 Ring Archer Armor
30:57 Wagenburg Tactics
35:34 Fervor
35:45 Sanctity
38:35 Scale Barding Armor
38:41 Forging
44:31 Elite Skirmisher
46:08 Chain Barding Armor
46:24 Iron Casting
45:48 Fletching
46:41 Husbandry
46:06 Cavalier
46:10 Light Cavalry
50:55 Bodkin Arrow
52:01 Blast Furnace
Diaz
10:48 Feudal Age
11:02 Loom
18:34 Castle Age
16:40 Double-Bit Axe
18:13 Scale Mail Armor
18:19 Scale Barding Armor
18:46 Stone Mining
22:26 Gold Mining
23:25 Elite Skirmisher
26:04 Horse Collar
28:04 Heavy Plow
28:28 Fletching
29:26 Bow Saw
32:53 Imperial Age
31:23 Town Watch
31:48 Padded Archer Armor
35:03 Capped Ram
37:08 Wheelbarrow
37:43 Leather Archer Armor
38:25 Bodkin Arrow
39:01 Ring Archer Armor
41:48 Hand Cart
42:49 Chain Mail Armor
42:54 Chain Barding Armor
45:32 Plate Mail Armor
46:46 Forging
49:49 Light Cavalry
Connection lost

Rejoining the realm…

Still unreachable

The connection could not be restored.

Session expired

The server has moved on; the page needs a fresh start.